 Dungeon Crawl Stone Soup version 0.24.0-123-gd5b16e6ec5 (webtiles) character file.

Game seed: 721335311713769302, levelgen mode: deterministic

615 FishyPogo the Stinger (level 7, -2/51 HPs)
             Began as a Gnoll Venom Mage on Dec 22, 2019.
             Was an Initiate of Gozag.
             Slain by a sky beast (3 damage)
             ... on level 5 of the Dungeon.
             The game lasted 00:15:08 (3403 turns).

FishyPogo the Stinger (Gnoll Venom Mage)            Turns: 3403, Time: 00:15:09

Health: -2/51      AC:  5    Str: 11    XL:     7   Next: 45%
Magic:  24/24      EV: 15    Int: 24    God:    Gozag
Gold:   421        SH:  0    Dex: 15    Spells: 11/17 levels left

rFire    . . .     SeeInvis .   x - +1 whip (vamp)
rCold    . . .     Gourm    .   (no shield)
rNeg     . . .     Faith    .   z - +0 robe of Youthful Indiscretion {*Corrode Int+5} (curse)
rPois    .         Spirit   .   v - +1 helmet
rElec    .         Reflect  .   (no cloak)
rCorr    .         Harm     .   s - +0 pair of gloves
MR       .....                  (no boots)
Stlth    +++.......             (no amulet)
HPRegen  0.17/turn              f - ring of magical power
MPRegen  0.19/turn              (no ring)

@: no status effects
A: distributed training, fangs 1, strong nose
a: Potion Petition, Call Merchant, Bribe Branch, Renounce Religion


You were on level 5 of the Dungeon.
You worshipped Gozag.
Gozag was aware of your devotion.
You were hungry.

You visited 1 branch of the dungeon, and saw 6 of its levels.

You collected 421 gold pieces.

Inventory:

Hand Weapons
 x - a +1 vampiric whip (weapon)
 C - a +1 flail of holy wrath
Missiles
 b - 118 stones
 d - 4 javelins
 i - 28 poisoned darts (quivered)
 p - 2 atropa-tipped darts
Armour
 a - a +0 robe
 s - a +0 pair of gloves (worn)
 v - a +1 helmet (worn)
 z - the cursed +0 robe of Youthful Indiscretion (worn) {*Corrode Int+5}
   (You found it on level 4 of the Dungeon)

   It affects your intelligence (+5).
   It may corrode you when you take damage.
   It has a curse placed upon it.
Jewellery
 f - a ring of magical power (left hand)
Wands
 t - a wand of flame (12)
 u - a wand of digging (4)
Scrolls
 g - 3 scrolls of magic mapping
 j - 2 scrolls of remove curse
 k - 2 scrolls of blinking {unknown}
 n - a scroll of fear {unknown}
 o - a scroll of identify
 w - a scroll of torment {unknown}
 y - a scroll of amnesia {unknown}
Potions
 e - a potion of haste
 h - a potion of agility {unknown}
 l - a potion of lignification
 m - 2 potions of flight {unknown}
 q - 2 potions of ambrosia
 r - 2 potions of brilliance {unknown}
 A - a potion of mutation {unknown}
 B - a potion of magic {unknown}
Comestibles
 c - 5 rations


   Skills:
 + Level 2.4 Fighting
 + Level 2.4 Short Blades
 + Level 2.4 Long Blades
 + Level 2.4 Axes
 + Level 2.4 Maces & Flails
 + Level 2.4 Polearms
 + Level 2.4 Staves
 + Level 2.4 Slings
 + Level 2.4 Bows
 + Level 2.4 Crossbows
 + Level 2.4 Throwing
 + Level 2.4 Armour
 + Level 5.2 Dodging
 + Level 4.9 Stealth
 + Level 2.4 Shields
 + Level 2.4 Unarmed Combat
 + Level 5.6 Spellcasting
 + Level 3.0 Conjurations
 + Level 2.0 Hexes
 + Level 2.0 Charms
 + Level 2.0 Summonings
 + Level 2.0 Necromancy
 + Level 2.0 Translocations
 + Level 2.0 Transmutations
 + Level 2.0 Fire Magic
 + Level 2.0 Ice Magic
 + Level 2.0 Air Magic
 + Level 2.0 Earth Magic
 + Level 5.8 Poison Magic
 + Level 2.7 Invocations
 + Level 2.4 Evocations


You had 11 spell levels left.
You knew the following spells:

 Your Spells              Type           Power        Failure   Level  Hunger
a - Sting                 Conj/Pois      ####         1%          1    None
b - Poisonous Vapours     Pois/Air       ####..       2%          2    None
c - Mephitic Cloud        Conj/Pois/Air  ###.....     5%          3    #......

Your spell library contained the following spells:

 Spells                   Type           Power        Failure   Level  Hunger
 Olgreb's Toxic Radiance  Pois           ####....     8%          4    ###....
 Venom Bolt               Conj/Pois      ####......   36%         5    #####..


Dungeon Overview and Level Annotations

Branches:
Dungeon (6/15)
 Temple: D:4-7

Altars:
Dithmenos
Fedhas
Gozag
Kikubaaqudgha
Okawaru
Trog
Xom
Zin

Annotations:
D:2 2 exclusions, Jessica, Natasha


Innate Abilities, Weirdness & Mutations

Your experience applies equally to all skills.
You have very sharp teeth.
Your uncanny sense of smell can sniff out nearby items.


Message History

You closely miss something. Something hits you but does no damage.
You miss something. Something hits you. Something shocks you.
You barely miss something. Something completely misses you.
You miss something. Something hits you. Something shocks you.
You miss something. Your bite misses something.
Something hits you but does no damage.
You closely miss something. Something hits you. Something shocks you.
* * * LOW HITPOINT WARNING * * *
You miss something. Something barely misses you.
You hit something but do no damage. Something hits you.
* * * LOW HITPOINT WARNING * * *
Something shocks you.
* * * LOW HITPOINT WARNING * * *
You barely miss something. Something hits you.
* * * LOW HITPOINT WARNING * * *
Something shocks you.
* * * LOW HITPOINT WARNING * * *
You miss something. Something hits you.
You die...
Your body crumbles into a pile of gold.

### ## #. #.###
.##. ### ##..#
#.#. #.# #...
#..##
##.######... #..#
##...........
#.###.####.#####.
##.....# #..# #.
##@.....# #..#
##. #..##.+##
##.# #..
#..####.# ###
##.# ..... ###
#..# .......
###.## ...#... ≈
###...)# .# ##..
≈...#.....)# #..
#'...###. #..
#.....# ##


There were no monsters in sight!

Vanquished Creatures
  Sigmund (D:4)
  A sky beast (D:5)
  An ogre (D:6)
  An orc priest (D:5)
  An iguana (D:4)
  2 orc wizards (D:4)
  Ijyb (D:4)
  A worker ant (D:4)
  2 adders
  2 oozes
  An adder skeleton (D:4)
  2 worms
  2 dart slugs
  A leopard gecko (D:4)
  15 orcs
  2 giant cockroaches
  2 goblins (D:2)
  6 hobgoblins
  2 jackals (D:1)
  10 kobolds
  A quokka (D:3)
  A ball python (D:1)
  9 bats
  7 frilled lizards
  5 rats
79 creatures vanquished.

Notes
Turn   | Place    | Note
-------+----------+-------------------------------------------
     0 | D:1      | FishyPogo the Gnoll Venom Mage began the quest for the Orb.
     0 | D:1      | Reached XP level 1. HP: 13/13 MP: 6/6
   181 | D:1      | Reached XP level 2. HP: 19/19 MP: 4/7
   352 | D:1      | Reached XP level 3. HP: 25/25 MP: 6/9
   356 | D:1      | Learned a level 2 spell: Poisonous Vapours
   360 | D:1      | Learned a level 3 spell: Mephitic Cloud
   431 | D:1      | Reached skill level 5 in Spellcasting
   889 | D:2      | Found an ancient bone altar of Kikubaaqudgha.
   894 | D:2      | Found a bloodstained altar of Trog.
   899 | D:2      | Noticed Jessica
   962 | D:2      | Noticed Natasha
  1028 | D:2      | Reached skill level 1 in Invocations
  1407 | D:2      | Found a faded altar of an unknown god.
  1412 | D:2      | Became a worshipper of Gozag Ym Sagoz the Greedy
  1493 | D:2      | Reached skill level 1 in Fighting
  1493 | D:2      | Reached skill level 1 in Short Blades
  1493 | D:2      | Reached skill level 1 in Long Blades
  1493 | D:2      | Reached skill level 1 in Axes
  1493 | D:2      | Reached skill level 1 in Maces & Flails
  1493 | D:2      | Reached skill level 1 in Polearms
  1493 | D:2      | Reached skill level 1 in Staves
  1493 | D:2      | Reached skill level 1 in Slings
  1493 | D:2      | Reached skill level 1 in Bows
  1493 | D:2      | Reached skill level 1 in Crossbows
  1493 | D:2      | Reached skill level 1 in Throwing
  1493 | D:2      | Reached skill level 1 in Armour
  1493 | D:2      | Reached skill level 1 in Shields
  1493 | D:2      | Reached skill level 1 in Unarmed Combat
  1493 | D:2      | Reached skill level 1 in Evocations
  1497 | D:2      | Reached XP level 4. HP: 15/32 MP: 11/11
  1800 | D:3      | You fall into a shaft and drop 3 floors!
  1801 | D:6      | Noticed an ogre
  1809 | D:6      | Killed an ogre
  1809 | D:6      | Reached skill level 1 in Hexes
  1809 | D:6      | Reached skill level 1 in Charms
  1809 | D:6      | Reached skill level 1 in Summonings
  1809 | D:6      | Reached skill level 1 in Necromancy
  1809 | D:6      | Reached skill level 1 in Translocations
  1809 | D:6      | Reached skill level 1 in Transmutations
  1809 | D:6      | Reached skill level 1 in Fire Magic
  1809 | D:6      | Reached skill level 1 in Ice Magic
  1809 | D:6      | Reached skill level 1 in Air Magic
  1809 | D:6      | Reached skill level 1 in Earth Magic
  1809 | D:6      | Reached XP level 5. HP: 37/37 MP: 9/12
  1840 | D:6      | Noticed an orc warrior
  1851 | D:6      | Noticed a necrophage
  1852 | D:6      | Noticed a sky beast
  1855 | D:6      | Noticed an ice beast
  1895 | D:5      | Entered Level 5 of the Dungeon
  1899 | D:5      | Found a glowing silver altar of Zin.
  1977 | D:4      | Reached XP level 6. HP: 21/44 MP: 13/13
  2062 | D:4      | Found a shimmering altar of Xom.
  2062 | D:4      | Found a shadowy altar of Dithmenos.
  2142 | D:4      | Found a blossoming altar of Fedhas.
  2156 | D:3      | Found an iron altar of Okawaru.
  2286 | D:4      | Noticed Ijyb
  2322 | D:4      | Killed Ijyb
  2322 | D:4      | Reached skill level 5 in Dodging
  2343 | D:4      | Got a fabulously ornate robe
  2354 | D:4      | Identified the cursed +0 robe of Youthful Indiscretion
                  | {*Corrode Int+5} (You found it on level 4 of the Dungeon)
  2986 | D:4      | Noticed Sigmund
  2998 | D:4      | Killed Sigmund
  2998 | D:4      | Reached XP level 7. HP: 45/50 MP: 15/15
  3401 | D:5      | HP: 1/51 [something (5)]
  3403 | D:5      | Slain by a sky beast

Levels and vault maps discovered:
D:1:      dpeg_arrival_signposts, layout_basic
D:2:      layout_basic, minitemple, first_ration,
          chequers_ecumenical_altar_lobes, minmay_liquid_box, uniq_jessica,
          uniq_natasha
D:3:      layout_loops_cross, nicolae_overflow_hidden_temple,
          grunt_ministairs_10
D:4:      layout_basic, overflow_temple_1_default,
          gammafunk_temple_overflow_statue, eino_curves_04, uniq_sigmund,
          uniq_ijyb
D:5:      layout_layer_cave, temple_doors_e, basic_altar, serial_rivers,
          chequers_serial_rivers_large_a, chequers_serial_rivers_micro_e,
          chequers_serial_rivers_room_a, chequers_serial_rivers_marsh,
          chequers_serial_rivers_micro_b, chequers_serial_rivers_small_a,
          lemuel_altar_in_water, uniq_prince_ribbit1
D:6:      layout_gridville, portal_sewer_entry_f, minmay_between,
          uniq_blork_the_orc

Skill      XL: |  1  2  3  4  5  6  7 |
---------------+----------------------+-----
Conjurations   | 2 3 |  3.0
Spellcasting   | 5 |  5.6
Invocations    | 1 2 |  2.7
Fighting       | 1 2 |  2.4
Short Blades   | 1 2 |  2.4
Long Blades    | 1 2 |  2.4
Axes           | 1 2 |  2.4
Maces & Flails | 1 2 |  2.4
Polearms       | 1 2 |  2.4
Staves         | 1 2 |  2.4
Slings         | 1 2 |  2.4
Bows           | 1 2 |  2.4
Crossbows      | 1 2 |  2.4
Throwing       | 1 2 |  2.4
Armour         | 1 2 |  2.4
Shields        | 1 2 |  2.4
Unarmed Combat | 1 2 |  2.4
Evocations     | 1 2 |  2.4
Hexes          | 1 2 |  2.0
Charms         | 1 2 |  2.0
Summonings     | 1 2 |  2.0
Necromancy     | 1 2 |  2.0
Translocations | 1 2 |  2.0
Transmutations | 1 2 |  2.0
Fire Magic     | 1 2 |  2.0
Ice Magic      | 1 2 |  2.0
Air Magic      | 1 2 |  2.0
Earth Magic    | 1 2 |  2.0
Dodging        | 5 |  5.2
Stealth        | |  4.9
Poison Magic   | |  5.8

Action                   |  1- 3 |  4- 6 |  7- 9 || total
-------------------------+-------+-------+-------++-------
Melee: Unarmed           |     9 |       |       ||     9
       Bite              |     4 |    26 |     2 ||    32
       Dagger            |    49 |    17 |       ||    66
       Punch             |     1 |     3 |       ||     4
       Whip              |       |   230 |    65 ||   295
Throw: Dart              |       |       |     7 ||     7
       Stone             |       |       |     7 ||     7
 Cast: Sting             |    41 |     2 |       ||    43
       Mephitic Cloud    |     2 |       |     3 ||     5
       Poisonous Vapours |     1 |     3 |       ||     4
Invok: Potion Petition   |       |     1 |       ||     1
Evoke: Wand              |       |     1 |       ||     1
  Use: Potion            |       |     4 |     1 ||     5
       Scroll            |       |     6 |       ||     6
 Stab: Sleeping          |     3 |     5 |     1 ||     9
       Confused          |     1 |       |     1 ||     2
       Distracted        |       |       |     1 ||     1
  Eat: Chunk             |     1 |       |       ||     1
       Ration            |       |     2 |       ||     2
Armor: Robe              |     8 |    43 |     8 ||    59
       Skin              |       |       |    36 ||    36
Dodge: Dodged            |    43 |   185 |    21 ||   249
